AoeStats
← michaelhuss72

Arabia

510330817Analyzed
1v1 RM · 17h ago on Sep 30, 2026· 89m 1s· 2 players
Game mode
Random Map
Map size
Tiny (2 player)
Population
200
Speed
Normal
Resources
Standard
Victory
Conquest
Starting age
Dark Age
Ending age
Imperial Age
RankedLock teamsTeams togetherTeam positionsShared explorationLock speedFull tech treeHidden civsTurbo modeCheats
Victory
Defeat
🇦🇺 Poles · Australia
640
+29
🇫🇷 Sicilians · France
684
-18
nynyny
9:15 Loom
11:48 Feudal Age
12:22 Double-Bit Axe
13:09 Horse Collar
15:16 Bloodlines
18:26 Scale Barding Armor
19:52 Forging
29:57 Gold Mining
30:45 Stone Mining
34:52 Castle Age
33:35 Fletching
35:43 Crossbowman
37:03 Bow Saw
38:02 Bodkin Arrow
50:07 Heavy Plow
50:17 Thumb Ring
54:30 Pikeman
63:15 Imperial Age
61:20 Elite Skirmisher
71:14 Light Cavalry
76:31 Winged Hussar
79:49 Szlachta Privileges
80:20 Husbandry
80:08 Capped Ram
84:10 Crop Rotation
84:21 Theocracy
michaelhuss72
14:09 Feudal Age
19:10 Fletching
19:27 Double-Bit Axe
22:06 Loom
31:30 Castle Age
30:50 Gold Mining
37:36 Stone Mining
43:20 Murder Holes
48:12 Bodkin Arrow
52:44 Imperial Age
56:48 Forging
61:10 Stone Shaft Mining
63:42 Crossbowman
69:24 Bracer
81:59 Wheelbarrow
Connection lost

Rejoining the realm…

Still unreachable

The connection could not be restored.

Session expired

The server has moved on; the page needs a fresh start.